 Dungeon Crawl Stone Soup version 0.25-a0-504-g768f60da87 (webtiles) character file.

Game seed: 12355586953466429348, levelgen mode: deterministic

133 BeastOfSaturn the Vexing (level 4, -6/31 HPs)
             Began as a Demonspawn Enchanter on Feb 14, 2020.
             Mangled by a worker ant (7 damage)
             ... on level 3 of the Dungeon.
             The game lasted 00:14:53 (3532 turns).

BeastOfSaturn the Vexing (Demonspawn Enchanter)     Turns: 3532, Time: 00:14:54

Health: -6/31      AC:  6    Str:  9    XL:     4   Next: 93%
Magic:  6/7        EV: 10    Int: 17    God:
Gold:   150        SH:  0    Dex: 13    Spells: 1/8 levels left

rFire    . . .     SeeInvis .   c - +0 spear
rCold    . . .     Gourm    .   (no shield)
rNeg     + . .     Faith    .   i - +0 ring mail
rPois    .         Spirit   .   (no helmet)
rElec    .         Reflect  .   h - +0 cloak {+Inv}
rCorr    .         Harm     .   (no gloves)
MR       .....                  (no boots)
Stlth    +.........             (no amulet)
HPRegen  0.10/turn              u - ring of positive energy
MPRegen  0.10/turn              (no ring)

@: no status effects
A: powered by pain 1
a: Evoke Invisibility


You were on level 3 of the Dungeon.
You were not hungry.

You visited 1 branch of the dungeon, and saw 4 of its levels.

You collected 150 gold pieces.

Inventory:

Hand Weapons
 a - a +1 dagger
 c - a +0 spear (weapon)
 f - a +0 flail
 g - a +0 whip
 s - a +1 mace of holy wrath
Armour
 b - a +0 robe
 h - a +0 cloak of invisibility (worn)
 i - a +0 ring mail (worn)
Jewellery
 u - a ring of positive energy (left hand)
Scrolls
 e - 3 scrolls of blinking {unknown}
 j - a scroll of remove curse {unknown}
 l - a scroll of enchant armour {unknown}
 m - a scroll of amnesia {unknown}
 q - a scroll of immolation {unknown}
 r - a scroll of identify {unknown}
Potions
 n - a potion of resistance {unknown}
 o - a potion of berserk rage {unknown}
 p - a potion of flight {unknown}
 t - a potion of degeneration {unknown}
Comestibles
 d - 2 rations


   Skills:
 + Level 0.9 Fighting
 + Level 0.8 Short Blades
 + Level 1.4 Polearms
 * Level 1.8 Armour
 + Level 2.0 Dodging
 - Level 2.6 Stealth
 + Level 2.5 Spellcasting
 * Level 4.0 Hexes


You had one spell level left.
You knew the following spells:

 Your Spells              Type           Power        Failure   Level  Hunger
a - Corona                Hex            ###....      10%         1    #......
b - Tukima's Dance        Hex            ###.....     28%         3    ###....
c - Dazzling Flash        Conj/Hex       #.....       54%         3    ###....

Your spell library contained the following spells:

 Spells                   Type           Power        Failure   Level  Hunger
 Confusing Touch          Hex            ###.....     28%         3    ###....
 Ensorcelled Hibernation  Hex/Ice        #.....       32%         2    ##.....


Dungeon Overview and Level Annotations

Branches:
Dungeon (4/15)
 Temple: D:4-7

Altars:
Wu Jian

Annotations:
D:2 1 runed translucent door, Crazy Yiuf


Innate Abilities, Weirdness & Mutations

You sometimes gain a little power by taking damage.


Message History

There is an open door here.
There is a stone staircase leading up here.
The worker ant bites you.
* * * LOW HITPOINT WARNING * * *
You climb upwards.
There is a stone staircase leading down here.
Casting: Corona (safe; 10% risk of failure)
Confirm with . or Enter, or press ? or * to list all spells.
Aiming: Corona (safe; 10% risk of failure)
Press: ? - help, Shift-Dir - straight line, f - worker ant
Aim: a worker ant (chance to defeat MR: 61%)
The worker ant is outlined in light.
The worker ant bites you.
* * * LOW HITPOINT WARNING * * *
The worker ant closely misses you.
You are too injured to fight recklessly!
You are too injured to fight recklessly!
You are too injured to fight recklessly!
You hit the worker ant but do no damage.
The worker ant bites you!
You die...

#(# #...........##.#
#)#### ###.#######.##.#
#....### #.#######.##.#
##.....# #....รท..#.##.#
###.....## #.#####.#.##.#
#........# #.# #.#.##.#
#.#......# #.# #.#.##.#
#.#......###.#####.#.##.#
#.###..).a@.(...........#
#.#
####.#########.#..#####
#.# #.# #.#.....#.
#.######.# #.##.##<#.
#........# #.#...#...
########## #.#...###.
#.......#. #.........
#.......#.


You could see a worker ant.

Vanquished Creatures
  Terence (D:2)
  5 adders
  2 dart slugs
  A leopard gecko (D:4)
  4 giant cockroaches
  7 goblins
  9 hobgoblins
  A jackal (D:4)
  6 kobolds
  5 quokkas
  5 bats
  5 frilled lizards
  4 rats
55 creatures vanquished.

Vanquished Creatures (others)
  A dancing weapon (D:2)
1 creature vanquished.

Grand Total: 56 creatures vanquished

Notes
Turn   | Place    | Note
-------+----------+-------------------------------------------
     0 | D:1      | BeastOfSaturn the Demonspawn Enchanter began the quest for
                  | the Orb.
     0 | D:1      | Reached XP level 1. HP: 13/13 MP: 3/3
   402 | D:1      | Gained mutation: You sometimes gain a little power by
                  | taking damage. [demonic ancestry]
   402 | D:1      | Reached XP level 2. HP: 14/19 MP: 1/5
  1172 | D:2      | Reached XP level 3. HP: 3/25 MP: 4/6
  1205 | D:2      | Found a runed translucent door.
  1206 | D:2      | Noticed Crazy Yiuf
  1239 | D:2      | Learned a level 3 spell: Tukima's Dance
  1254 | D:2      | Noticed Terence
  1375 | D:2      | Killed Terence
  1375 | D:2      | Reached skill level 1 in Polearms
  1375 | D:2      | Reached skill level 1 in Armour
  1498 | D:2      | Reached XP level 4. HP: 15/31 MP: 7/7
  1851 | D:2      | You fall into a shaft and drop 2 floors!
  2711 | D:3      | Found an ornate altar of the Wu Jian Council.
  2845 | D:3      | Reached skill level 4 in Hexes
  3087 | D:3      | Learned a level 3 spell: Dazzling Flash
  3531 | D:3      | HP: 1/31 [worker ant (5)]
  3532 | D:3      | Mangled by a worker ant

Levels and vault maps discovered:
D:1:      moated_graveyard_arrival, layout_rooms, minmay_tromino_mix6
D:2:      layout_basic, marbit_many_paths, uniq_crazy_yiuf_cottage, uniq_terence
D:3:      layout_loops_ring, overflow_temple_1_default, first_ration
D:4:      layout_basic, grunt_temple_overflow_open

Skill      XL: |  1  2  3  4 |
---------------+-------------+-----
Polearms       | 1 |  1.4
Armour         | 1 |  1.8
Dodging        | 2 |  2.0
Hexes          | 4 |  4.0
Fighting       | |  0.9
Short Blades   | |  0.8
Stealth        | |  2.6
Spellcasting   | |  2.5

Action                   |  1- 3 |  4- 6 || total
-------------------------+-------+-------++-------
Melee: Spear             |   139 |   147 ||   286
 Cast: Corona            |    13 |    10 ||    23
       Tukima's Dance    |     3 |     4 ||     7
  Use: Potion            |     1 |     1 ||     2
 Stab: Sleeping          |     1 |     4 ||     5
       Distracted        |       |     1 ||     1
  Eat: Ration            |     1 |     2 ||     3
       Chunk             |       |     2 ||     2
Armor: Robe              |     4 |       ||     4
       Ring mail         |    41 |    61 ||   102
Dodge: Dodged            |    62 |    97 ||   159

Table legend:
 A = Non-vault XP
 B = Vault XP
 C = Vault XP percentage of total XP
 D = Non-vault monster count
 E = Vault monster count
 F = Vault count percentage of total count
                 A         B        C        D         E       F
            +---------+---------+-------+---------+---------+-------
      Total |     151 |      39 |  20.5 |      52 |       3 |   5.5
            +---------+---------+-------+---------+---------+-------
        D:1 |      23 |       4 |  14.8 |      14 |       2 |  12.5
        D:2 |      49 |      35 |  41.7 |      13 |       1 |   7.1
        D:3 |      72 |       0 |   0.0 |      22 |       0 |   0.0
        D:4 |       7 |       0 |   0.0 |       3 |       0 |   0.0
            +---------+---------+-------+---------+---------+-------
